 Dungeon Crawl Stone Soup version 0.18-a0-1683-gf9322e6 (webtiles) character file.

11468 Chiseanne the Brilliant (level 11, -3/87 HPs)
             Began as a Mummy Artificer on Apr 3, 2016.
             Was a High Priest of Pakellas.
             Slain by a slime creature (14 damage)
             ... on level 12 of the Dungeon.
             The game lasted 00:40:13 (11444 turns).

Chiseanne the Brilliant (Mummy Artificer)          Turns: 11444, Time: 00:40:14

Health: -3/87      AC: 15    Str: 17    XL:     11   Next: 49%
Magic:  0/26       EV: 18    Int: 11    God:    Pakellas [*****.]
Gold:   203        SH:  0    Dex: 18    Spells: 1 memorised, 9 levels left

rFire  . . .     SeeInvis .     a - +8 frozen axe "Frostbite" {freezing cloud, *Noise +Fly rC+}
rCold  + + +     Gourm    .     E - +3 leather armour "Cuschygh" {*Drain +Fly rC+ Dex+4}
rNeg   + + +     Faith    .     (shield currently unavailable)
rPois  ∞         Spirit   +     M - +1 helmet
rElec  .         Dismiss  .     w - +2 cloak
rCorr  .         Reflect  .     B - +1 pair of gloves
SustAt .         Harm     .     f - +1 pair of boots
MR     +....                    A - amulet of guardian spirit
Stlth  ++........               b - ring of protection from fire
                                j - ring of magical power

@: somewhat resistant to hostile enchantments, unstealthy
A: no food or potions, fire vulnerability, cold resistance 1, negative energy
resistance 3, torment resistance, unbreathing
a: Quick Charge, Device Surge, Renounce Religion, Evoke Flight


You were on level 12 of the Dungeon.
You worshipped Pakellas.
Pakellas was extremely pleased with you.
You were not hungry.

You visited 2 branches of the dungeon, and saw 13 of its levels.

You collected 459 gold pieces.
You spent 256 gold pieces at shops.

Inventory:

Hand Weapons
 a - the +8 frozen axe "Frostbite" (weapon) {freezing cloud, *Noise +Fly rC+}
   (You found it on level 9 of the Dungeon)

   It has been specially enchanted to freeze those struck by it, causing extra
   injury to most foes and up to half again as much damage against particularly
   susceptible opponents.
   It can also slow down cold-blooded creatures.
   It protects you from cold.
   It lets you fly.
   It may make noises in combat.
Missiles
 c - 13 poisoned arrows
 i - 56 sling bullets
 m - 43 poisoned needles
 o - 6 tomahawks
 v - 93 arrows
 z - 24 arrows of frost
 D - 12 bolts
 F - 6 needles of confusion
 I - 5 javelins (quivered)
 J - 5 tomahawks of returning
 P - a throwing net {!*}
 Q - 2 exploding tomahawks
Armour
 f - a +1 pair of boots (worn)
 w - a +2 cloak (worn)
 B - a +1 pair of gloves (worn)
 E - the +3 leather armour "Cuschygh" (worn) {*Drain +Fly rC+ Dex+4}
   (You found it on level 6 of the Dungeon)

   It affects your dexterity (+4).
   It protects you from cold.
   It lets you fly.
   It causes draining when unequipped.
 M - a +1 helmet (worn)
Rods
 r - a +7 rod of inaccuracy (10/10) {god gift}
   (Pakellas gifted it to you on level 10 of the Dungeon)
Jewellery
 b - a ring of protection from fire (right hand)
 j - a ring of magical power (left hand)
 A - an amulet of guardian spirit (around neck)
Wands
 e - a wand of lightning (0/15)
 x - a wand of enslavement (1/24)
 C - a wand of teleportation (5/9)
 H - a wand of acid (6/15) {god gift}
 O - a wand of teleportation (4/9)
 R - a wand of flame (16/48)
Scrolls
 d - 2 scrolls of recharging
 g - 10 scrolls of identify
 n - 2 scrolls of immolation
 p - 5 scrolls of remove curse
 t - a scroll of enchant armour
 y - a scroll of amnesia
 N - 2 scrolls of teleportation
Books
 k - a book of Unlife

   Spells                             Type                      Level
   a - Recall                         Summoning/Translocation      3
   b - Animate Dead                   Necromancy                   4
   c - Control Undead                 Necromancy                   4
   d - Cigotuvi's Embrace             Necromancy                   5
   e - Death Channel                  Necromancy                   6
   f - Simulacrum                     Ice/Necromancy               6
 q - a book of the Dragon

   Spells                             Type                      Level
   a - Flame Tongue                   Conjuration/Fire             1
   b - Cause Fear                     Hexes                        4
   c - Bolt of Fire                   Conjuration/Fire             6
   d - Dragon Form                    Transmutation                7
   e - Dragon's Call                  Summoning                    9
 s - a book of Spatial Translocations

   Spells                             Type                      Level
   a - Apportation                    Translocation                1
   b - Blink                          Translocation                2
   c - Shroud of Golubria             Charms/Translocation         2
   d - Portal Projectile              Translocation                3
   e - Teleport Other                 Translocation                3
   f - Passage of Golubria            Translocation                4
 u - a book of Callings

   Spells                             Type                      Level
   a - Summon Small Mammal            Summoning                    1
   b - Call Imp                       Summoning                    2
   c - Call Canine Familiar           Summoning                    3
   d - Summon Guardian Golem          Hexes/Summoning              3
   e - Summon Lightning Spire         Summoning/Air                4
   f - Summon Ice Beast               Ice/Summoning                4
 K - a book of Power

   Spells                             Type                      Level
   a - Fulminant Prism                Conjuration/Hexes            4
   b - Iskenderun's Mystic Blast      Conjuration                  4
   c - Venom Bolt                     Conjuration/Poison           5
   d - Bolt of Magma                  Conjuration/Fire/Earth       5
   e - Iron Shot                      Conjuration/Earth            6
   f - Orb of Destruction             Conjuration                  7
   g - Spellforged Servitor           Conjuration/Summoning        7
 L - a book of Clouds

   Spells                             Type                      Level
   a - Mephitic Cloud                 Conjuration/Poison/Air       3
   b - Conjure Flame                  Conjuration/Fire             3
   c - Poisonous Cloud                Conjuration/Poison/Air       6
   d - Freezing Cloud                 Conjuration/Ice/Air          6
   e - Ring of Flames                 Charms/Fire                  7
Miscellaneous
 h - a phantom mirror
 l - a disc of storms


   Skills:
 - Level 8.6 Fighting
   Level 0.7 Short Blades
 * Level 5.0 Axes
 - Level 3.0 Armour
 * Level 8.8 Dodging
 - Level 0.7 Stealth
 * Level 9.2 Evocations


You had 9 spell levels left.
You knew the following spells:

 Your Spells              Type           Power        Failure   Level  Hunger
a - Apportation           Tloc           #.........   41%         1    N/A

Dungeon Overview and Level Annotations

Branches:
Dungeon (12/15)            Temple (1/1) D:7            Lair (0/8) D:10
    Orc (0/2) D:12

Altars:
Ashenzari
Cheibriados
Dithmenos
Elyvilon
Fedhas
Gozag
Kikubaaqudgha
Makhleb
Nemelex Xobeh
Okawaru
Pakellas
Qazlal
Ru
Sif Muna
Trog
Vehumet
Xom
Yredelemnul
Zin
The Shining One

Shops:
D:5 *   D:8 *


Innate Abilities, Weirdness & Mutations

You do not eat or drink.
Your flesh is vulnerable to fire.
You are immune to poison.
Your flesh is cold resistant.
You are immune to negative energy.
You are immune to unholy pain and torment.
You can survive without breathing.


Message History

You slash the slime creature! You freeze the slime creature.
The slime creature is severely wounded.
You slash the slime creature! You freeze the slime creature.
The slime creature is heavily wounded.
The slime creature hits you!
* * * LOW HITPOINT WARNING * * *
The slime creature hits you but does no damage.
The slime creature barely misses you. x2
You slice the slime creature!! You freeze the slime creature.
The slime creature is almost dead.
You slash the slime creature! You freeze the slime creature.
The slime creature is severely wounded.
You slash the slime creature! You freeze the slime creature.
The slime creature is almost dead.
The slime creature hits you!!
* * * LOW HITPOINT WARNING * * *
The slime creature completely misses you.
The slime creature hits you!
You die...
Pakellas says: Time to find a new assistant...

.............. ............. ...
............ ..........
........... .........#
#.......... .....)...#
#.......... .........##
##.J........
..........###[..@J..)...
.................J[#....
..................## .
...........######################
.<.#.......#.....................
..###......#..#...)..............
.## ##.....#..#%))÷..............
..# #...>...[)).).)).........)...
### ########))).)....##...)......


You could see 3 slime creatures.

Vanquished Creatures
  2 naga warriors (D:9)
  A death yak (D:10)
  The ghost of Sargon the Basher, a journeyman GrFi of Qazlal (D:11)
  A cyclops (D:11)
  Maurice (D:8)
  An elephant (D:10)
  A gargoyle (D:11)
  3 slime creatures (D:12)
  A wasp (D:9)
  2 flying skulls (D:11)
  Sigmund (D:3)
  A shadow (D:11)
  A vampire (D:11)
  A hungry ghost (D:9)
  A water moccasin (D:8)
  A swamp drake (D:12)
  A sky beast (D:6)
  6 orc warriors
  3 ice beasts
  7 necrophages
  A phantom (D:7)
  5 ogres
  3 centaurs
  A crocodile (D:10)
  5 giant frogs
  3 wyvern zombies
  8 orc priests
  A water moccasin skeleton (D:11)
  2 scorpions
  4 killer bees (D:9)
  4 wights (D:11)
  8 crimson imps
  A howler monkey (D:11)
  A centaur zombie (D:11)
  5 giant frog skeletons (D:11)
  6 orc wizards
  Crazy Yiuf (D:2)
  3 centaur skeletons
  2 hounds
  4 jellies
  Jessica (D:3)
  4 iguanas
  8 worker ants
  Ijyb (D:2)
  5 sheep
  A hound zombie (D:3)
  2 hound skeletons
  A worker ant zombie (D:11)
  7 adders
  3 howler monkey skeletons
  5 shadow imps
  An ooze (D:2)
  2 worms
  A dart slug (D:2)
  6 giant geckos
  41 orcs
  8 bats
  11 giant cockroaches
  8 goblins
  5 hobgoblins
  13 jackals
  3 quokkas
  A ball python (D:3)
  A giant gecko skeleton (D:5)
  A giant gecko zombie (D:6)
  4 giant newts
  5 kobolds
  A quokka skeleton (D:6)
  10 rats
  A plant (D:10)
266 creatures vanquished.

Vanquished Creatures (collateral kills)
  A skeletal warrior (D:11)
  An ogre (D:11)
  2 killer bees (D:9)
  2 orc priests
  A hound (D:5)
  2 orc wizards
  6 orcs
15 creatures vanquished.

Vanquished Creatures (others)
  A cyclops (D:9)
  2 orc warriors (D:9)
  A killer bee (D:6)
  An iguana (D:9)
  A lightning spire (D:5)
  3 orcs (D:9)
  A quokka (D:11)
  3 bushes (D:5)
13 creatures vanquished.

Grand Total: 294 creatures vanquished

Notes
Turn   | Place    | Note
--------------------------------------------------------------
     0 | D:1      | Chiseanne the Mummy Artificer began the quest for the Orb.
     0 | D:1      | Reached XP level 1. HP: 15/15 MP: 2/2
   173 | D:1      | Reached XP level 2. HP: 16/21 MP: 4/4
   980 | D:2      | Noticed Ijyb
   994 | D:2      | Killed Ijyb
   994 | D:2      | Reached skill level 3 in Evocations
   994 | D:2      | Reached XP level 3. HP: 25/27 MP: 5/5
  1353 | D:2      | Reached XP level 4. HP: 23/33 MP: 6/6
  2299 | D:2      | Noticed Crazy Yiuf
  2324 | D:2      | Killed Crazy Yiuf
  2604 | D:3      | Reached XP level 5. HP: 35/39 MP: 7/7
  2605 | D:3      | Found a shimmering altar of Xom.
  2787 | D:3      | Noticed Jessica
  2789 | D:3      | Noticed Sigmund
  2792 | D:3      | Killed Jessica
  2795 | D:3      | Killed Sigmund
  2795 | D:3      | Reached skill level 1 in Armour
  2795 | D:3      | Reached XP level 6. HP: 46/47 MP: 8/8
  3519 | D:4      | Reached skill level 4 in Evocations
  3519 | D:4      | Reached XP level 7. HP: 53/53 MP: 10/10
  3633 | D:4      | Found a basalt altar of Yredelemnul.
  3665 | D:5      | Entered Level 5 of the Dungeon
  3785 | D:5      | Found Uzyu's General Store.
  4028 | D:5      | Found a bloodstained altar of Trog.
  4066 | D:5      | Found an oddly glowing altar of Pakellas.
  4067 | D:5      | Noticed a gargoyle
  4137 | D:5      | Became a worshipper of Pakellas the Inventive
  4781 | D:6      | Reached XP level 8. HP: 32/61 MP: 0/11
  4955 | D:6      | Found a large runed door.
  4955 | D:6      | Found a large runed door.
  4971 | D:6      | Found a large runed door.
  4971 | D:6      | Found a large runed door.
  4994 | D:6      | Noticed a seven-headed hydra
  5330 | D:6      | Got a transparent leather armour
  5342 | D:6      | Identified the +3 leather armour "Cuschygh" {*Drain +Fly rC+ Dex+4} (You found it on level 6 of the Dungeon)
  5359 | D:6      | Noticed a five-headed hydra
  5518 | D:6      | Reached * piety under Pakellas
  5518 | D:6      | Reached skill level 5 in Fighting
  5793 | D:6      | Reached skill level 5 in Evocations
  6246 | D:6      | Learned a level 1 spell: Apportation
  6283 | D:6      | Noticed a purple ugly thing
  6382 | D:6      | Found a burning altar of Makhleb.
  6452 | D:7      | Reached skill level 5 in Dodging
  6884 | D:7      | Reached XP level 9. HP: 70/70 MP: 6/13
  6892 | D:7      | Reached skill level 6 in Evocations
  6901 | D:7      | Reached ** piety under Pakellas
  6901 | D:7      | Received a gift from Pakellas
  7086 | D:7      | Found a deep blue altar of Sif Muna.
  7087 | D:7      | Found an opulent altar of Gozag.
  7088 | D:7      | Found an ancient bone altar of Kikubaaqudgha.
  7095 | D:7      | Found a staircase to the Ecumenical Temple.
  7102 | Temple   | Entered the Ecumenical Temple
  8005 | D:8      | Found an iron altar of Okawaru.
  8019 | D:8      | Found Rateumiq's Assorted Antiques.
  8027 | D:8      | Bought a helmet for 121 gold pieces
  8027 | D:8      | Bought a scroll of teleportation for 81 gold pieces
  8027 | D:8      | Bought a scroll of identify for 54 gold pieces
  8137 | D:8      | Noticed Maurice
  8144 | D:8      | Killed Maurice
  8590 | D:9      | Reached *** piety under Pakellas
  8623 | D:9      | Reached skill level 7 in Evocations
  8707 | D:9      | Found a glowing silver altar of Zin.
  8810 | D:9      | Found a radiant altar of Vehumet.
  8920 | D:9      | Found a sparkling altar of Nemelex Xobeh.
  8970 | D:9      | Found a large runed door.
  8974 | D:9      | Found a large runed door.
  9074 | D:9      | Reached XP level 10. HP: 78/80 MP: 12/15
  9201 | D:9      | Noticed a naga warrior
  9209 | D:9      | Noticed a cyclops
  9210 | D:9      | Noticed a naga warrior
  9216 | D:9      | Found an iron altar of Okawaru.
  9216 | D:9      | Found an iron altar of Okawaru.
  9234 | D:9      | Killed a naga warrior
  9247 | D:9      | Killed a naga warrior
  9310 | D:10     | Entered Level 10 of the Dungeon
  9422 | D:10     | Noticed a death yak
  9423 | D:10     | Found a staircase to the Lair.
  9423 | D:10     | Noticed an elephant
  9445 | D:10     | Killed an elephant
  9445 | D:10     | Reached skill level 1 in Axes
  9447 | D:10     | Killed a death yak
  9447 | D:10     | Reached skill level 8 in Evocations
  9678 | D:10     | Reached **** piety under Pakellas
  9678 | D:10     | Received a gift from Pakellas
  9879 | D:11     | Noticed Sargon's ghost (journeyman GrFi)
  9892 | D:11     | Killed Sargon's ghost
 10032 | D:11     | Noticed a gargoyle
 10039 | D:11     | Killed a gargoyle
 10039 | D:11     | Reached XP level 11. HP: 72/87 MP: 17/17
 10243 | D:11     | Noticed a skeletal warrior
 10430 | D:11     | Reached ***** piety under Pakellas
 10559 | D:11     | Killed a skeletal warrior
 10842 | D:11     | Reached skill level 9 in Evocations
 11371 | D:12     | Found a staircase to the Orcish Mines.
 11443 | D:12     | Reached skill level 5 in Axes
 11444 | D:12     | Slain by a slime creature

Vault maps used:
D:1:      eino_arrival_tree_alley, minmay_circled_x
D:2:      minmay_door_path, uniq_iyjb, uniq_crazy_yiuf_cottage
D:3:      lemuel_round_altar, uniq_jessica, uniq_sigmund
D:4:      yredelemnul_forgotten_temple_becter, first_bread
D:5:      gammafunk_pakellas_spire_experiment, overflow_temple_1_default,
          serial_shops, shop
D:6:      makhleb_blood_cavern_becter, minmay_hollow_rounded_squares
D:7:      grunt_temple_overflow_open, minmay_temple_entry_statues_pillars
D:8:      okawaru_metal_pillars_3, serial_shops, shop, grunt_ogre_cave,
          uniq_maurice
D:9:      okawaru_arena_lexackson, nemelex_xobeh_ov_fountains_minmay,
          vehumet_altar_wand_db, zin_treasury
D:10:     david_lair_generic
D:11:     hangedman_screamer
D:12:     erik_orc_1, serial_shops, shop, spider_trap, kennysheep_small_square
Temple:   jpeg_temple_alley_garden_8

Skill      XL: |  1  2  3  4  5  6  7  8  9 10 11 |
---------------+----------------------------------+-----
Dodging        | 2 3 4 5 6 8 |  8.8
Evocations     | 3 4 5 7 8 9 |  9.2
Fighting       | 2 3 4 6 8 |  8.6
Armour         | 1 2 3 |  3.0
Axes           | 3 5 |  5.0
Short Blades   | |  0.7
Stealth        | |  0.7

Action                   |  1- 3 |  4- 6 |  7- 9 | 10-12 || total
-------------------------+-------+-------+-------+-------++-------
Melee: Short sword       |   123 |     1 |       |       ||   124
       Rapier            |       |    76 |       |       ||    76
       Quarterstaff      |       |    60 |   364 |     7 ||   431
       Executioner's axe |       |       |       |   179 ||   179
Throw: Javelin           |       |       |     1 |     1 ||     2
Invok: Quick Charge      |       |       |     2 |     1 ||     3
Evoke: Wand              |     5 |     8 |    36 |    29 ||    78
  Use: Scroll            |     4 |     3 |    11 |     2 ||    20
 Stab: Sleeping          |     2 |       |     1 |       ||     3
       Paralysed         |     5 |       |    11 |     3 ||    19
       Petrifying        |       |     1 |     3 |       ||     4
       Confused          |       |       |     2 |     1 ||     3
       Petrified         |       |       |     2 |       ||     2
       Distracted        |       |       |       |     2 ||     2
